 Dungeon Crawl Stone Soup version 0.18-a0-1577-gf591c28 (webtiles) character file.

81 M4edhros the Sneak (level 4, -1/28 HPs)
             Began as an Octopode Artificer on Mar 22, 2016.
             Slain by a hobgoblin
             ... wielding a +0 glaive
              (8 damage)
             ... on level 2 of the Dungeon.
             The game lasted 00:02:12 (1301 turns).

M4edhros the Sneak (Octopode Artificer)             Turns: 1301, Time: 00:02:12

Health: -1/28      AC:  1    Str: 10    XL:     4   Next: 42%
Magic:  6/6        EV: 13    Int: 14    God:
Gold:   46         SH:  0    Dex: 13    Spells: 0 memorised, 3 levels left

rFire  . . .     SeeInvis .     k - +3 quarterstaff (chaos)
rCold  . . .     Gourm    .     (shield currently unavailable)
rNeg   . . .     Faith    .     (helmet restricted)
rPois  .         Spirit   .     (no amulet)
rElec  .         Dismiss  .     (no ring)
rCorr  .         Reflect  .     (no ring)
SustAt .         Harm     .     (no ring)
MR     .....                    (no ring)
Stlth  ++++......               (no ring)
                                (no ring)
                                (no ring)
                                (no ring)

@: not resistant to hostile enchantments, stealthy
A: almost no armour, amphibious, 8 rings, constrict 8, camouflage 1, gelatinous
body 1
a: no special abilities


You were on level 2 of the Dungeon.
You were not hungry.

You visited 1 branch of the dungeon, and saw 2 of its levels.

You collected 46 gold pieces.

Inventory:

Hand Weapons
 a - a +0 short sword
 k - a +3 quarterstaff of chaos (weapon)
Missiles
 i - 19 stones (quivered)
Wands
 b - a wand of flame (14/48)
 c - a wand of enslavement (14/24)
 d - a wand of random effects (14/48)
 m - a wand of confusion (19/48)
Scrolls
 g - 4 scrolls of identify {unknown}
 j - 2 scrolls of remove curse {unknown}
Potions
 e - 2 potions of agility
Comestibles
 f - a bread ration
 h - a meat ration
 l - a beef jerky


   Skills:
 - Level 1.0 Fighting
 - Level 1.0 Short Blades
 + Level 3.1 Dodging
 * Level 4.8 Stealth
 - Level 3.2 Evocations


You had 3 spell levels left.
You didn't know any spells.

Dungeon Overview and Level Annotations

Branches:
Dungeon (2/15)

Altars:


Innate Abilities, Weirdness & Mutations

You cannot wear most types of armour.
You are amphibious.
You can wear up to eight rings at the same time.
You can use your tentacles to constrict eight enemies at once.
Your skin changes colour to match your surroundings (Stealth).
Your rubbery body absorbs attacks (AC +1).


Message History

You closely miss the jackal. Your grab misses the jackal.
Your squeeze misses the jackal. The jackal bites you.
The jackal barely misses you.
There are monsters nearby!
You sock the jackal! You freeze the jackal.
You kill the jackal!
A worm comes into view.
There are monsters nearby!
The hobgoblin hits you with a glaive!
Ouch! That really hurt!
* * * LOW HITPOINT WARNING * * *
There are monsters nearby!
You are too injured to fight recklessly!
You are too injured to fight recklessly!
You are too injured to fight recklessly!
You are too injured to fight recklessly!
You hit the hobgoblin. You freeze the hobgoblin. You grab the hobgoblin.
The hobgoblin is severely wounded.
You constrict the hobgoblin. The hobgoblin hits you with a glaive!
You die...

... .... #...w ##...
########...#
##........#.# .#
##.......g...# #..
#.......@>..##.#.#
#...........##.#.#
########................#
#.......÷......†..#.##.#
#.########...#.........#
#.# ########.....## #.#
#..<..# #.# #.....# #.#
#.....#


You could see a worm and a hobgoblin.

Vanquished Creatures
  Crazy Yiuf (D:2)
  3 adders (D:2)
  A dart slug (D:1)
  2 bats (D:1)
  5 goblins
  4 hobgoblins (D:1)
  2 jackals (D:2)
  4 kobolds
  2 rats (D:1)
24 creatures vanquished.

Vanquished Creatures (others)
  A jackal (D:2)
1 creature vanquished.

Grand Total: 25 creatures vanquished

Notes
Turn   | Place    | Note
--------------------------------------------------------------
     0 | D:1      | M4edhros the Octopode Artificer began the quest for the Orb.
     0 | D:1      | Reached XP level 1. HP: 13/13 MP: 3/3
    77 | D:1      | Reached skill level 2 in Stealth
   105 | D:1      | Reached XP level 2. HP: 9/18 MP: 4/4
   442 | D:1      | Reached skill level 3 in Stealth
   667 | D:2      | Reached XP level 3. HP: 16/23 MP: 5/5
   726 | D:2      | Noticed Crazy Yiuf
   819 | D:2      | Killed Crazy Yiuf
   819 | D:2      | Reached skill level 4 in Stealth
   819 | D:2      | Reached XP level 4. HP: 10/28 MP: 4/6
  1301 | D:2      | Slain by a hobgoblin

Vault maps used:
D:1:      moated_graveyard_arrival
D:2:      gammafunk_temple_overflow_claw, first_bread,
          gammafunk_pakellas_cloud_experiment, uniq_crazy_yiuf_cottage

Skill      XL: |  1  2  3 |
---------------+----------+-----
Stealth        | 2 3 4 |  4.8
Dodging        | 3 |  3.1
Fighting       | |  1.0
Short Blades   | |  1.0
Evocations     | |  3.2

Action                   |  1- 3 |  4- 6 || total
-------------------------+-------+-------++-------
Melee: Short sword       |    45 |       ||    45
       Quarterstaff      |       |    14 ||    14
Evoke: Wand              |       |     3 ||     3
  Use: Potion            |     2 |       ||     2
 Stab: Sleeping          |     3 |       ||     3
  Eat: Chunk             |       |     1 ||     1
